TOP OF THE 1ST |
Las Vegas 51s batting - Pitching for Albuquerque Isotopes : RHP Calvin Hightower
|
Pitching: RHP Calvin Hightower
|
|
Batting: RHB Jordan Martin
|
0-0: Ball 1-0: SINGLE (Line Drive, 9, EV 101.9 MPH)
|
Batting: LHB Adam Hairston
|
0-0: Ball 1-0: Foul Ball, location: 2F 1-1: Fly out, F7 (Flyball, 7D, EV 100.6 MPH)
|
Batting: SHB Lewis Thorpe Jr.
|
0-0: Ball Jordan Martin steals 2nd base 1-0: Foul Ball, location: 2F 1-1: Foul Ball, location: 2F 1-2: Hit by Pitch
|
Batting: SHB Roberto Magne
|
0-0: Swinging Strike 0-1: Grounds into double play, 4-6-3 (Groundball, 4, EV 104.4 MPH)
|
Top of the 1st over - 0 runs, 1 hit, 0 errors, 1 left on base; Las Vegas 0 - Albuquerque 0 |
BOTTOM OF THE 1ST |
Albuquerque Isotopes batting - Pitching for Las Vegas 51s : RHP Andy Reinhardt
|
Pitching: RHP Andy Reinhardt
|
|
Batting: RHB Ron Johansen
|
0-0: Ball 1-0: Ground out 6-3 (Groundball, 6, EV 86.3 MPH)
|
Batting: LHB Mike Staley
|
0-0: Ball 1-0: Ground out 1-3 (Groundball, 25, EV 71.3 MPH)
|
Batting: RHB Adrian Rudkilde
|
0-0: Called Strike 0-1: Ball 1-1: Ball 2-1: Called Strike 2-2: Ball 3-2: Base on Balls
|
Batting: LHB Enrique Andrade
|
0-0: Fielders Choice at 2nd, 5-4 (Groundball, 5, EV 108.8 MPH)
|
Bottom of the 1st over - 0 runs, 0 hits, 0 errors, 1 left on base; Las Vegas 0 - Albuquerque 0 |
TOP OF THE 2ND |
Las Vegas 51s batting - Pitching for Albuquerque Isotopes : RHP Calvin Hightower
|
Batting: SHB Billy Encinias
|
0-0: Ball 1-0: Foul Ball, location: 2F 1-1: Fly out, F9 (Flyball, 89M, EV 96.9 MPH)
|
Batting: LHB Marc Durgin
|
0-0: Ball 1-0: Ball 2-0: Ground out 2-3 (Groundball, 2L, EV 68.8 MPH)
|
Batting: LHB Sal Fernandez
|
0-0: Ball 1-0: Ball 2-0: Called Strike 2-1: Foul Ball, location: 2F 2-2: Ground out 4-3 (Groundball, 34D, EV 107.5 MPH)
|
Top of the 2nd over - 0 runs, 0 hits, 0 errors, 0 left on base; Las Vegas 0 - Albuquerque 0 |
BOTTOM OF THE 2ND |
Albuquerque Isotopes batting - Pitching for Las Vegas 51s : RHP Andy Reinhardt
|
Batting: SHB Bradley Barrowcliff
|
0-0: Ball 1-0: Foul Ball, location: 2F 1-1: Swinging Strike 1-2: Foul Ball, location: 2F 1-2: Foul Ball, location: 2F 1-2: Ground out 4-3 (Groundball, 34, EV 86.3 MPH)
|
Batting: RHB Jerry Castro
|
0-0: Ball 1-0: Ground out 5-3 (Groundball, 56, EV 76.9 MPH)
|
Batting: RHB Ryan Taylor
|
0-0: Ball 1-0: Ball 2-0: Ball 3-0: Called Strike 3-1: Fly out, F6 (Flyball, 56D, EV 83.8 MPH)
|
Bottom of the 2nd over - 0 runs, 0 hits, 0 errors, 0 left on base; Las Vegas 0 - Albuquerque 0 |
TOP OF THE 3RD |
Las Vegas 51s batting - Pitching for Albuquerque Isotopes : RHP Calvin Hightower
|
Batting: RHB Leon Edwards
|
0-0: Ball 1-0: Ball 2-0: Foul Ball, location: 2F 2-1: Ground out 2-3 (Groundball, 15S, EV 70.6 MPH)
|
Batting: RHB Yoshiro Higuchi
|
0-0: Ball 1-0: Ground out U3 (Groundball, 3, EV 95.0 MPH)
|
Batting: RHB Jordan Martin
|
0-0: Ball 1-0: Called Strike 1-1: Ground out 6-3 (Groundball, 6, EV 88.1 MPH)
|
Top of the 3rd over - 0 runs, 0 hits, 0 errors, 0 left on base; Las Vegas 0 - Albuquerque 0 |
BOTTOM OF THE 3RD |
Albuquerque Isotopes batting - Pitching for Las Vegas 51s : RHP Andy Reinhardt
|
Batting: RHB Josh Baker
|
0-0: Ball 1-0: Ball 2-0: Called Strike 2-1: SINGLE (Groundball, P, EV 80.6 MPH) (infield hit)
|
Batting: RHB Bobby Heagle
|
0-0: Ball 1-0: Foul Ball, location: 2F 1-1: Foul Ball, location: 2F 1-2: Ball 2-2: Fly out, F8 (Line Drive, 8LM, EV 99.4 MPH)
|
Batting: RHB Ron Johansen
|
0-0: Ball 1-0: Called Strike 1-1: Ball 2-1: SINGLE (Groundball, 6MD, EV 95.6 MPH) Josh Baker to second
|
Batting: LHB Mike Staley
|
0-0: Foul Ball, location: 2F 0-1: Called Strike 0-2: Ball 1-2: Foul Ball, location: 2F 1-2: SINGLE (Groundball, 4S, EV 63.8 MPH) (infield hit) Josh Baker to third Ron Johansen to second
|
Batting: RHB Adrian Rudkilde
|
0-0: Ball 1-0: Ball 2-0: Ball 3-0: Called Strike 3-1: Base on Balls Josh Baker scores Ron Johansen to third Mike Staley to second
|
Batting: LHB Enrique Andrade
|
0-0: Ball 1-0: Ball 2-0: Ball 3-0: Base on Balls Ron Johansen scores Mike Staley to third Adrian Rudkilde to second
|
Batting: SHB Bradley Barrowcliff
|
0-0: Foul Ball, location: 2F 0-1: Ball 1-1: SINGLE (Line Drive, 8RM, EV 92.5 MPH) Mike Staley scores Adrian Rudkilde to third Enrique Andrade to second
|
Batting: RHB Jerry Castro
|
0-0: Called Strike 0-1: Foul Ball, location: 2F 0-2: Reached on error, E4 (Groundball, 34, EV 79.4 MPH) Adrian Rudkilde scores Enrique Andrade to third Bradley Barrowcliff to second
|
Batting: RHB Ryan Taylor
|
0-0: Ball 1-0: Ball 2-0: Grounds into double play, 4-6-3 (Groundball, 4, EV 87.5 MPH)
|
Bottom of the 3rd over - 4 runs, 4 hits, 1 error, 2 left on base; Las Vegas 0 - Albuquerque 4 |
TOP OF THE 4TH |
Las Vegas 51s batting - Pitching for Albuquerque Isotopes : RHP Calvin Hightower
|
Batting: LHB Adam Hairston
|
0-0: Ball 1-0: Fly out, F8 (Line Drive, 8RD, EV 106.3 MPH)
|
Batting: SHB Lewis Thorpe Jr.
|
0-0: Ball 1-0: Ball 2-0: Foul Ball, location: 2F 2-1: Swinging Strike 2-2: SINGLE (Line Drive, 78S, EV 91.9 MPH)
|
Batting: SHB Roberto Magne
|
0-0: Ball 1-0: Ball 2-0: Ball Lewis Thorpe Jr. steals 2nd base (no throw) 3-0: Called Strike 3-1: Swinging Strike 3-2: Fly out, F6 (Flyball, 6MD, EV 90.0 MPH)
|
Batting: SHB Billy Encinias
|
0-0: Ball 1-0: Ball 2-0: Ball 3-0: Called Strike 3-1: Called Strike 3-2: Fly out, F7 (Flyball, 78M, EV 90.0 MPH)
|
Top of the 4th over - 0 runs, 1 hit, 0 errors, 1 left on base; Las Vegas 0 - Albuquerque 4 |
BOTTOM OF THE 4TH |
Albuquerque Isotopes batting - Pitching for Las Vegas 51s : RHP Andy Reinhardt
|
Batting: RHB Josh Baker
|
0-0: Swinging Strike 0-1: Fly out, F9 (Flyball, 9LS, EV 96.9 MPH)
|
Batting: RHB Bobby Heagle
|
0-0: Called Strike 0-1: Swinging Strike 0-2: Ball 1-2: Ball 2-2: Strikes out swinging
|
Batting: RHB Ron Johansen
|
0-0: Ball 1-0: Foul Ball, location: 2F 1-1: Ball 2-1: Foul Ball, location: 2F 2-2: Fly out, F8 (Flyball, 78D, EV 100.6 MPH)
|
Bottom of the 4th over - 0 runs, 0 hits, 0 errors, 0 left on base; Las Vegas 0 - Albuquerque 4 |
TOP OF THE 5TH |
Las Vegas 51s batting - Pitching for Albuquerque Isotopes : RHP Calvin Hightower
|
Batting: LHB Marc Durgin
|
0-0: Called Strike 0-1: Swinging Strike 0-2: Ball 1-2: SINGLE (Groundball, 34D, EV 105.6 MPH)
|
Batting: LHB Sal Fernandez
|
0-0: Ball 1-0: Foul Ball, location: 2F 1-1: Called Strike 1-2: Ball 2-2: Strikes out swinging
|
Batting: RHB Leon Edwards
|
0-0: Foul Ball, location: 2F 0-1: Ball 1-1: Ball 2-1: Foul Ball, location: 2F 2-2: SINGLE (Groundball, 34D, EV 95.0 MPH) Marc Durgin to second Runner from 2nd tries for 3rd, SAFE, throw by RF made to third
|
Batting: RHB Yoshiro Higuchi
|
0-0: Grounds into double play, 3-6-3 (Groundball, 34S, EV 83.8 MPH)
|
Top of the 5th over - 0 runs, 2 hits, 0 errors, 1 left on base; Las Vegas 0 - Albuquerque 4 |
BOTTOM OF THE 5TH |
Albuquerque Isotopes batting - Pitching for Las Vegas 51s : RHP Andy Reinhardt
|
Batting: LHB Mike Staley
|
0-0: SINGLE (Groundball, 34S, EV 66.3 MPH) (infield hit)
|
Batting: RHB Adrian Rudkilde
|
0-0: Called Strike Mike Staley steals 2nd base 0-1: Ball 1-1: Ball 2-1: Foul Ball, location: 2F 2-2: DOUBLE (Flyball, 7LD, EV 91.3 MPH) Mike Staley scores
|
Pitching: RHP Eric Dighton
|
|
Batting: LHB Enrique Andrade
|
0-0: Called Strike 0-1: Ball 1-1: Ball 2-1: Ball 3-1: Foul Ball, location: 2F 3-2: Base on Balls
|
Batting: SHB Bradley Barrowcliff
|
0-0: Reached on error, E4 (Groundball, 4, EV 81.9 MPH) Adrian Rudkilde to third Enrique Andrade to second
|
Batting: RHB Jerry Castro
|
0-0: Foul Ball, location: 2F 0-1: Ball Wild Pitch! Adrian Rudkilde scores Enrique Andrade to third Bradley Barrowcliff to second 1-1: Fly out, F5 (Popup, 56S, EV 88.1 MPH)
|
Batting: RHB Ryan Taylor
|
0-0: Ball 1-0: Ball 2-0: Ball 3-0: Base on Balls
|
Batting: RHB Josh Baker
|
0-0: Ball 1-0: Ball 2-0: Called Strike 2-1: DOUBLE (Flyball, 8LXD, EV 102.5 MPH) Enrique Andrade scores Bradley Barrowcliff scores Ryan Taylor to third Runner from 3rd tries for Home, SAFE, throw by CF to home
|
Batting: RHB Bobby Heagle
|
Pickoff Throw to Second - Error! E1 Josh Baker to third 0-0: Foul Ball, location: 2F 0-1: Ball 1-1: Foul Ball, location: 2F 1-2: Ground out 1-3 (Groundball, 15S, EV 72.5 MPH)
|
Batting: RHB Ron Johansen
|
0-0: Ball 1-0: Swinging Strike 1-1: Ground out 5-3 (Groundball, 5S, EV 78.1 MPH)
|
Bottom of the 5th over - 5 runs, 3 hits, 2 errors, 1 left on base; Las Vegas 0 - Albuquerque 9 |
TOP OF THE 6TH |
Las Vegas 51s batting - Pitching for Albuquerque Isotopes : RHP Calvin Hightower
|
Batting: RHB Jordan Martin
|
0-0: Foul Ball, location: 2F 0-1: Ground out 4-3 (Groundball, 4, EV 81.3 MPH)
|
Batting: LHB Adam Hairston
|
0-0: Ball 1-0: Ball 2-0: Foul Ball, location: 2F 2-1: Swinging Strike 2-2: Ball 3-2: Ground out U3 (Groundball, 3L, EV 88.1 MPH)
|
Batting: SHB Lewis Thorpe Jr.
|
0-0: Foul Ball, location: 2F 0-1: Ball 1-1: Swinging Strike 1-2: Strikes out swinging
|
Top of the 6th over - 0 runs, 0 hits, 0 errors, 0 left on base; Las Vegas 0 - Albuquerque 9 |
BOTTOM OF THE 6TH |
Albuquerque Isotopes batting - Pitching for Las Vegas 51s : RHP Eric Dighton
|
Batting: LHB Mike Staley
|
0-0: Called Strike 0-1: Ball 1-1: SOLO HOME RUN (Flyball, 78XD, EV 99.4 MPH), Distance : 398 ft
|
Batting: RHB Adrian Rudkilde
|
0-0: Swinging Strike 0-1: Ball 1-1: Swinging Strike 1-2: Fly out, F8 (Flyball, 78XD, EV 86.9 MPH)
|
Batting: LHB Enrique Andrade
|
0-0: Ball 1-0: Foul Ball, location: 2F 1-1: Ball 2-1: Ball 3-1: Foul Ball, location: 2F 3-2: Fly out, F7 (Flyball, 78M, EV 85.6 MPH)
|
Batting: SHB Bradley Barrowcliff
|
0-0: Ball 1-0: Ball 2-0: SINGLE (Line Drive, 78M, EV 95.0 MPH)
|
Batting: RHB Jerry Castro
|
0-0: Called Strike 0-1: Ball 1-1: Ball 2-1: Ball Pickoff Throw to First - Out! 1-3
|
Bottom of the 6th over - 1 run, 2 hits, 0 errors, 0 left on base; Las Vegas 0 - Albuquerque 10 |
TOP OF THE 7TH |
Las Vegas 51s batting - Pitching for Albuquerque Isotopes : RHP Calvin Hightower
|
Batting: SHB Roberto Magne
|
0-0: Fly out, F9 (Flyball, 9D, EV 106.9 MPH)
|
Batting: SHB Billy Encinias
|
0-0: Ball 1-0: Called Strike 1-1: Foul Ball, location: 2F 1-2: Foul Ball, location: 2F 1-2: Strikes out swinging
|
Pinch Hitting: LHB Phil Lomax
|
0-0: Ground out U3 (Groundball, 3, EV 83.8 MPH)
|
Top of the 7th over - 0 runs, 0 hits, 0 errors, 0 left on base; Las Vegas 0 - Albuquerque 10 |
BOTTOM OF THE 7TH |
Albuquerque Isotopes batting - Pitching for Las Vegas 51s : RHP Eric Dighton
|
Pitching: RHP Bryan Dorne
|
|
Now in LF: Mike Titus
|
|
Batting: RHB Jerry Castro
|
0-0: Ball 1-0: Swinging Strike 1-1: Foul Ball, location: 2F 1-2: Strikes out swinging
|
Batting: RHB Ryan Taylor
|
0-0: Ball 1-0: Ball 2-0: Foul Ball, location: 2F 2-1: Foul Ball, location: 2F 2-2: Fly out, F7 (Flyball, 78D, EV 98.8 MPH)
|
Batting: RHB Josh Baker
|
0-0: Ball 1-0: Ball 2-0: Foul Ball, location: 2F 2-1: Called Strike 2-2: Strikes out swinging
|
Bottom of the 7th over - 0 runs, 0 hits, 0 errors, 0 left on base; Las Vegas 0 - Albuquerque 10 |
TOP OF THE 8TH |
Las Vegas 51s batting - Pitching for Albuquerque Isotopes : RHP Calvin Hightower
|
Pinch Hitting: LHB Joey Biber
|
0-0: Ground out 6-3 (Groundball, 56, EV 83.8 MPH)
|
Batting: RHB Leon Edwards
|
0-0: Foul Ball, location: 2F 0-1: Ball 1-1: Hit by Pitch
|
Batting: RHB Yoshiro Higuchi
|
0-0: Swinging Strike 0-1: Ball 1-1: SINGLE (Groundball, 56S, EV 65.0 MPH) (infield hit) Leon Edwards to second
|
Batting: RHB Jordan Martin
|
0-0: Ball 1-0: Foul Ball, location: 2F 1-1: Grounds into double play, 6-4-3 (Groundball, 6, EV 100.0 MPH)
|
Top of the 8th over - 0 runs, 1 hit, 0 errors, 1 left on base; Las Vegas 0 - Albuquerque 10 |
BOTTOM OF THE 8TH |
Albuquerque Isotopes batting - Pitching for Las Vegas 51s : RHP Bryan Dorne
|
Now in CF: Yoshiro Higuchi
|
|
Now in RF: Joey Biber
|
|
Batting: RHB Bobby Heagle
|
0-0: Ball 1-0: Swinging Strike 1-1: Ground out 5-3 (Groundball, 56, EV 87.5 MPH)
|
Batting: RHB Ron Johansen
|
0-0: Ball 1-0: Ball 2-0: Ball 3-0: Called Strike 3-1: Base on Balls
|
Batting: LHB Mike Staley
|
0-0: Called Strike 0-1: Fielders Choice at 2nd, 1-4 (Groundball, 15S, EV 70.6 MPH)
|
Batting: RHB Adrian Rudkilde
|
0-0: Called Strike 0-1: Ball 1-1: Ball 2-1: Swinging Strike 2-2: Strikes out looking
|
Bottom of the 8th over - 0 runs, 0 hits, 0 errors, 1 left on base; Las Vegas 0 - Albuquerque 10 |
TOP OF THE 9TH |
Las Vegas 51s batting - Pitching for Albuquerque Isotopes : RHP Calvin Hightower
|
Pinch Hitting: RHB Bob Montesano
|
0-0: Called Strike 0-1: Fly out, F7 (Flyball, 78M, EV 88.8 MPH)
|
Batting: SHB Lewis Thorpe Jr.
|
0-0: Called Strike 0-1: Ball 1-1: Swinging Strike 1-2: SOLO HOME RUN (Line Drive, 89XD, EV 106.3 MPH), Distance : 441 ft
|
Batting: SHB Roberto Magne
|
0-0: Called Strike 0-1: Foul Ball, location: 2F 0-2: Fly out, F6 (Line Drive, 6, EV 75.0 MPH)
|
Batting: SHB Billy Encinias
|
0-0: Ball 1-0: Called Strike 1-1: Foul Ball, location: 2F 1-2: Foul Ball, location: 2F 1-2: Foul Ball, location: 2F 1-2: SOLO HOME RUN (Flyball, 78XD, EV 105.6 MPH), Distance : 419 ft
|
Batting: RHB Mike Titus
|
0-0: Ball 1-0: Called Strike 1-1: Ball 2-1: Fly out, F7 (Line Drive, 7LM, EV 107.5 MPH)
|
Top of the 9th over - 2 runs, 2 hits, 0 errors, 0 left on base; Las Vegas 2 - Albuquerque 10 |
|